 Dungeon Crawl Stone Soup version 0.22-a0-351-g29664b41f0 (webtiles) character file.

5 Banto the Chiller (level 1, -3/11 HPs)
             Began as an Octopode Ice Elementalist on Apr 13, 2018.
             Slain by a hobgoblin (4 damage)
             ... on level 1 of the Dungeon.
             The game lasted 00:00:21 (127 turns).

Banto the Chiller (Octopode Ice Elementalist)        Turns: 127, Time: 00:00:21

Health: -3/11      AC:  1    Str:  7    XL:     1   Next: 80%
Magic:  1/3        EV: 12    Int: 17    God:
Gold:   16         SH:  0    Dex: 12    Spells: 3/4 levels left

rFire    . . .     SeeInvis .   d - +0 spear
rCold    . . .     Gourm    +   (no shield)
rNeg     . . .     Faith    .   (helmet restricted)
rPois    .         Spirit   .   f - amulet of the gourmand
rElec    .         Reflect  .   (no ring)
rCorr    .         Harm     .   (no ring)
MR       .....                  (no ring)
Stlth    +++.......             (no ring)
HPRegen  0.03/turn              (no ring)
MPRegen  0.08/turn              (no ring)
                                (no ring)
                                (no ring)

@: heavily drained
A: almost no armour, stealthy swim, amphibious, 8 rings, constrict 8, camouflage
1, gelatinous body 1
a: no special abilities


You were on level 1 of the Dungeon.
You were not hungry.

You visited 1 branch of the dungeon, and saw 1 of its levels.

You collected 16 gold pieces.

Inventory:

Hand Weapons
 d - a +0 spear (weapon)
Jewellery
 a - an uncursed amulet of harm
 f - an amulet of the gourmand (around mantle)
Scrolls
 c - a scroll of magic mapping {unknown}
 h - a scroll of enchant weapon {unknown}
 i - a scroll of identify {unknown}
Potions
 e - a potion of magic {unknown}
Comestibles
 b - 2 rations
 g - a chunk of flesh


   Skills:
 - Level 2.0(0.5) Dodging
 + Level 3.0(1.5) Stealth
 - Level 2.0(0.5) Spellcasting
   Level 1.0(0.0) Conjurations
 * Level 3.2(1.7) Ice Magic


You had 3 spell levels left.
You knew the following spells:

 Your Spells              Type           Power        Failure   Level  Hunger
a - Freeze                Ice            #...         11%         1    ##.....


Dungeon Overview and Level Annotations

Branches:
Dungeon (1/15)

Altars:


Innate Abilities, Weirdness & Mutations

You cannot wear most types of armour.
You are very stealthy in the water. (Stealth+)
You are amphibious.
You can wear up to eight rings at the same time.
You can use your tentacles to constrict eight enemies at once.
Your skin changes colour to match your surroundings (Stealth+).
Your rubbery body absorbs attacks. (AC +1, EV +1)


Message History

You release your grip on the jackal.
The bat misses you.
Casting: Freeze (safe; 12% risk of failure)
Confirm with . or Enter, or press ? or * to list all spells.
Aiming: Freeze (safe; 12% risk of failure)
Press: ? - help, Shift-Dir - straight line, f - bat
Aim: a bat You freeze the bat.
You kill the bat!
The jackal bites you but does no damage.
You now have 2/3 mp.
Casting: Freeze (safe; 12% risk of failure)
Confirm with . or Enter, or press ? or * to list all spells.
Aiming: Freeze (safe; 12% risk of failure)
Press: ? - help, Shift-Dir - straight line, f - jackal
Aim: a jackal (severely wounded)
You freeze the jackal.
You kill the jackal!
Your base Stealth skill increases to level 3!
The hobgoblin hits you.
You die...

##...# #"..
##....b#..#
##....#.?.##
#.....##?..#
#.....#..#...#
#.......###.##
##..........# ###
##.†...###### #.##
#..@g...#
###..####.......#
###.....#.......?.#
##....#....##.....##
#...(.#.#..###...##
##.#.###.....######
##............#
...#..........#
####...........


You could see a hobgoblin.

Vanquished Creatures
  A hobgoblin (D:1)
  A jackal (D:1)
  2 bats (D:1)
  A rat (D:1)
5 creatures vanquished.

Notes
Turn   | Place    | Note
-------+----------+-------------------------------------------
     0 | D:1      | Banto the Octopode Ice Elementalist began the quest for the Orb.
     0 | D:1      | Reached XP level 1. HP: 11/11 MP: 3/3
   127 | D:1      | Slain by a hobgoblin

Vault maps used:
D:1:      tarquinn_simple_flora_water_e, minmay_misc_feat_hallway,
          hangedman_decor_push, supply_closet_lemuel, minmay_tetromino_t4

Skill      XL: |  1 |
---------------+----+-----
Stealth        | 3 |  3.0
Dodging        | |  2.0
Spellcasting   | |  2.0
Conjurations   | |  1.0
Ice Magic      | |  3.2

Action                   || total
-------------------------++-------
Melee: Spear             ||    10
       Constrict         ||     2
       Tentacles         ||     1
 Cast: Freeze            ||     2
Armor: Skin              ||     4
Dodge: Dodged            ||    14

Table legend:
 A = Spawn XP
 B = Non-spawn XP
 C = Spawn XP percentage of total XP
 D = Spawn monster count
 E = Non-spawn monster count
 F = Spawn count percentage of total count
 G = Total turns spent on level
                    A         B        C        D         E        F      G
               +---------+---------+-------+---------+---------+-------+---------
         Total |       0 |       8 |   0.0 |       0 |       5 |   0.0 |   127
               +---------+---------+-------+---------+---------+-------+---------
           D:1 |       0 |       8 |   0.0 |       0 |       5 |   0.0 |   127
               +---------+---------+-------+---------+---------+-------+---------

Table legend:
 A = Turns spent in this place as a percentage of turns spent in the entire game.
 B = Non-inter-level travel turns spent in this place as a percentage of non-inter-level travel turns spent in the entire game.
 C = Inter-level travel turns spent in this place as a percentage of turns spent in this place.
 D = Turns resting spent in this place as a percentage of non-inter-level travel turns spent in this place.
 E = Turns spent auto-exploring this place as a percentage of non-inter-level travel turns spent in this place.
 F = Non-inter-level travel turns spent in this place divided by the number of levels of this place that you've seen.
                   A       B       C       D       E      F
               +-------+-------+-------+-------+-------+----------------------
         Total | 100.0 | 100.0 |   0.0 |   0.0 |  63.8 | 127.0
       Dungeon | 100.0 | 100.0 |   0.0 |   0.0 |  63.8 | 127.0
               +-------+-------+-------+-------+-------+----------------------

Table legend:
 A = Kills in this place as a percentage of kills in entire the game.
 B = Kills by you in this place as a percentage of kills by you in the entire game.
 C = Kills by friends in this place as a percentage of kills by friends in the entire game.
 D = Other kills in this place as a percentage of other kills in the entire game.
 E = Experience gained in this place as a percentage of experience gained in the entire game.
 F = Experience gained in this place divided by the number of levels of this place that you have seen.
                   A       B       C       D       E      F
               +-------+-------+-------+-------+-------+----------------------
         Total | 100.0 | 100.0 |   N/A |   N/A | 100.0 |   8.0
       Dungeon | 100.0 | 100.0 |   N/A |   N/A | 100.0 |   8.0
               +-------+-------+-------+-------+-------+----------------------
